 Dungeon Crawl Stone Soup version 0.23.2-40-g277498a001 (webtiles) character file.

Game seed: 15122840652894965978

8412 Felnil the Warrior (level 11, -2/108 HPs)
             Began as a Minotaur Fighter on Aug 20, 2019.
             Was a High Priest of Ru.
             Killed by divine providence
             ... invoked by an orc priest
              (13 damage)
             ... on level 1 of the Orcish Mines on Aug 22, 2019.
             The game lasted 00:35:44 (10235 turns).

Felnil the Warrior (Minotaur Fighter)              Turns: 10235, Time: 00:35:45

Health: -2/108     AC: 18    Str: 29    XL:     11   Next: 9%
Magic:  4/10       EV:  4    Int:  5    God:    Ru [*****.]
Gold:   692        SH:  9    Dex: 10    Spells: 10/10 levels left

rFire    x . .     SeeInvis .   l - +3 dagger (protect)
rCold    + + .     Gourm    .   c - +0 shield
rNeg     . . .     Faith    .   A - +2 plate armour {rC+}
rPois    .         Spirit   .   (helmet restricted)
rElec    .         Reflect  .   (no cloak)
rCorr    .         Harm     .   h - +0 pair of gloves
MR       .....                  s - +0 pair of boots
Stlth    ..........             (no amulet)
HPRegen  0.28/turn              b - ring of ice
MPRegen  0.12/turn              y - +3 ring of protection

@: mighty, exhausted, heavily drained
A: retaliatory headbutt, horns 2, frail 1, inability to use devices, no charms
magic, no necromancy magic, no poison magic
a: Draw Out Power, Power Leap, Apocalypse, Renounce Religion


You were on level 1 of the Orcish Mines.
You worshipped Ru.
Ru was extremely pleased with you.
You were very hungry.

You visited 2 branches of the dungeon, and saw 11 of its levels.

You collected 692 gold pieces.

Inventory:

Hand Weapons
 a - a +0 war axe
 l - a +3 dagger of protection (weapon)
 r - a +2 falchion of holy wrath
Armour
 c - a +0 shield (worn)
 h - a +0 pair of gloves (worn)
 k - a +4 plate armour
 s - a +0 pair of boots (worn)
 A - a +2 plate armour of cold resistance (worn)
Jewellery
 b - a ring of ice (left hand)
 y - a +3 ring of protection (right hand)
Wands
 n - a wand of digging (5)
Scrolls
 i - 5 scrolls of remove curse
 j - 6 scrolls of teleportation
 o - a scroll of enchant weapon
 q - 2 scrolls of identify
 w - a scroll of immolation
 x - 2 scrolls of magic mapping
Potions
 e - a potion of resistance
 g - a potion of brilliance
 m - 3 potions of agility
 p - a potion of haste
 t - a potion of flight
 v - a potion of berserk rage
 D - a potion of cancellation {unknown}
Comestibles
 f - 20 rations


   Skills:
 + Level 18.9(17.1) Fighting
 - Level 2.4(1.2) Axes
 - Level 3.6(2.4) Armour
 - Level 3.6(2.4) Shields


You had 10 spell levels left.
You didn't know any spells.
Your spell library was empty.

Dungeon Overview and Level Annotations

Branches:
Dungeon (9/15)             Temple (0/1) D:5            Lair (0/6) D:9
    Orc (2/2) D:9
    Elf: Orc:2

Altars:
Cheibriados
Hepliaklqana
Okawaru
Ru
Uskayaw
Wu Jian
Yredelemnul
Beogh

Shops:
D:6 }   D:8 [

Annotations:
Orc:1 Nergalle


Innate Abilities, Weirdness & Mutations

You reflexively headbutt those who attack you in melee.
You have a pair of horns on your head.
You are frail. (-10% HP)
You cannot study or use magical devices.
You cannot study or cast Charms magic.
You cannot study or cast Necromancy magic.
You cannot study or cast Poison magic.


Message History

The orc priest seems to regain its courage.
The orc wizard hits you but does no damage.
The orc priest hits you but does no damage.
Found a metal-bound book.
You hit the orc.
Your weapon exudes an aura of protection.
The orc is severely wounded.
The orc hits you but does no damage. The orc wizard casts a spell at you.
The puff of flame hits you but does no damage.
The orc sorcerer hits you but does no damage.
The orc priest hits you but does no damage.
You block the orc's attack. The orc sorcerer barely misses you.
You furiously retaliate!
You headbutt the orc sorcerer.
The orc wizard gestures wildly while chanting.
The orc wizard flickers and vanishes!
Deactivating autopickup; reactivate with Ctrl-A.
The orc priest calls down the wrath of Beogh upon you.
Beogh smites you!
You die...

*## #* #####.## .##
##.#....# ..# #......#*
..######## ##...$.#
...#.#.#.###.....#*
......)).o.oo....###
.o##########.oo....##
o)#........#.o{o@...#
).#........#.o.##...######
.o#.##''##o#...#o........##
)O'.#:..:#.'..))..........#
oo'.#:..:#.'..............#
o.#.##''##.#.............##
..#........#..............#
o.#.o....:,#..............#
..##########..............#


You could see an orc sorcerer, 2 orc priests, an orc wizard and 4 orcs.

Vanquished Creatures
  2 two-headed ogres
  Pikel (D:5)
  An orc sorcerer (Orc:2)
  A hornet (D:9)
  A hippogriff (D:8)
  A hungry ghost (D:7)
  2 wargs (Orc:1)
  13 orc warriors
  2 black bears (D:9)
  3 ice beasts
  A sky beast (D:7)
  2 phantoms
  8 ogres
  4 centaurs
  A big kobold (D:9)
  3 bullfrogs
  2 scorpions
  3 wights (D:7)
  An electric eel (D:6)
  2 howler monkeys
  A crimson imp (D:9)
  2 centaur zombies
  3 hounds
  2 jellies (D:6)
  16 orc wizards
  2 bullfrog skeletons (D:5)
  12 orc priests
  3 iguanas
  Natasha (thrice) (D:4)
  7 worker ants
  A hound zombie (D:6)
  7 adders
  8 gnolls
  A shadow imp (D:7)
  An ooze (D:1)
  An adder zombie (D:5)
  An adder skeleton (D:6)
  3 worms
  3 dart slugs (D:1)
  4 leopard geckos
  65 orcs
  8 giant cockroaches
  20 goblins
  10 hobgoblins
  17 jackals
  2 quokkas
  A ball python (D:3)
  6 bats
  3 frilled lizards
  15 kobolds
  A leopard gecko skeleton (D:4)
  A leopard gecko zombie (D:3)
  7 rats
  A spectral orc (D:3)
292 creatures vanquished.

Vanquished Creatures (others)
  A troll (D:9)
  A water moccasin (D:8)
  Blork the orc (D:5)
  A hound zombie (D:9)
  2 orcs (Orc:1)
  A jackal (D:6)
  A kobold (D:9)
  5 toadstools (D:1)
13 creatures vanquished.

Grand Total: 305 creatures vanquished

Notes
Turn   | Place    | Note
-------+----------+-------------------------------------------
     0 | D:1      | Felnil the Minotaur Fighter began the quest for the Orb.
     0 | D:1      | Reached XP level 1. HP: 19/19 MP: 0/0
    18 | D:1      | Reached skill level 4 in Fighting
    18 | D:1      | Reached XP level 2. HP: 24/28 MP: 1/1
    78 | D:1      | Reached skill level 5 in Fighting
    85 | D:1      | Reached XP level 3. HP: 12/36 MP: 2/2
   799 | D:2      | Reached skill level 6 in Fighting
   799 | D:2      | Reached XP level 4. HP: 43/44 MP: 3/3
   899 | D:2      | Found an ornate altar of the Wu Jian Council.
  1582 | D:3      | Found a snail-covered altar of Cheibriados.
  1918 | D:3      | Reached skill level 7 in Fighting
  1918 | D:3      | Reached XP level 5. HP: 52/52 MP: 4/4
  2038 | D:3      | Found a basalt altar of Yredelemnul.
  2141 | D:4      | Noticed an ogre
  2151 | D:4      | Killed an ogre
  2151 | D:4      | Reached skill level 8 in Fighting
  2151 | D:4      | Reached XP level 6. HP: 38/61 MP: 5/5
  2320 | D:4      | Noticed Natasha
  2338 | D:4      | Killed Natasha
  2655 | D:4      | Found a sacrificial altar of Ru.
  2657 | D:4      | Noticed Natasha
  2664 | D:4      | Killed Natasha
  2665 | D:4      | Noticed Natasha
  2677 | D:4      | Killed Natasha
  2685 | D:4      | Became a worshipper of Ru the Awakened
  2740 | D:4      | Reached skill level 9 in Fighting
  3063 | D:5      | Entered Level 5 of the Dungeon
  3151 | D:5      | Found a hazy altar of Hepliaklqana.
  3171 | D:5      | Noticed an ice beast
  3177 | D:5      | Reached XP level 7. HP: 70/70 MP: 6/6
  3191 | D:5      | Reached skill level 10 in Fighting
  3202 | D:5      | Found a staircase to the Ecumenical Temple.
  3479 | D:5      | Gained mutation: You cannot study or use magical devices.
                  | [Ru sacrifice]
  3479 | D:5      | Reached * piety under Ru
  3479 | D:5      | Reached ** piety under Ru
  3484 | D:5      | Reached skill level 11 in Fighting
  3487 | D:5      | Noticed Blork the orc
  3487 | D:5      | Noticed Pikel
  3536 | D:5      | Killed Pikel
  3536 | D:5      | Reached skill level 12 in Fighting
  3536 | D:5      | Reached XP level 8. HP: 43/83 MP: 7/7
  3541 | D:5      | Killed Blork the orc
  4130 | D:6      | Found an iron altar of Okawaru.
  4153 | D:6      | Reached skill level 13 in Fighting
  4773 | D:6      | Reached XP level 9. HP: 68/94 MP: 8/8
  4858 | D:6      | Found Tipiti's Gadget Emporium.
  5253 | D:6      | Reached skill level 14 in Fighting
  6402 | D:7      | Gained mutation: You cannot study or cast Poison magic. [Ru
                  | sacrifice]
  6402 | D:7      | Gained mutation: You cannot study or cast Necromancy magic.
                  | [Ru sacrifice]
  6402 | D:7      | Gained mutation: You cannot study or cast Charms magic. [Ru
                  | sacrifice]
  6402 | D:7      | Reached *** piety under Ru
  6621 | D:7      | Reached skill level 15 in Fighting
  7067 | D:8      | Found Pihimeh's Antique Armour Boutique.
  7596 | D:8      | Reached skill level 16 in Fighting
  7742 | D:9      | Reached XP level 10. HP: 86/107 MP: 9/9
  8098 | D:9      | Found a roughly hewn altar of Beogh.
  8249 | D:9      | Found a staircase to the Orcish Mines.
  8478 | D:9      | Reached skill level 17 in Fighting
  8794 | D:9      | Gained mutation: You are frail. (-10% HP) [Ru sacrifice]
  8794 | D:9      | Reached **** piety under Ru
  8794 | D:9      | Reached ***** piety under Ru
  8926 | D:9      | Noticed a -1 hand axe
  8927 | D:9      | Noticed a +0 hand axe
  9111 | D:9      | Found a hide-covered altar of Uskayaw.
  9161 | D:9      | Found a staircase to the Lair.
  9225 | D:9      | Noticed a two-headed ogre
  9243 | D:9      | Killed a two-headed ogre
  9673 | Orc:1    | Entered Level 1 of the Orcish Mines
  9925 | Orc:2    | Entered Level 2 of the Orcish Mines
  9943 | Orc:2    | Noticed an orc sorcerer
  9944 | Orc:2    | Reached skill level 18 in Fighting
  9944 | Orc:2    | Killed an orc sorcerer
  9947 | Orc:2    | Noticed a stone giant
  9948 | Orc:2    | Noticed an orc sorcerer
  9951 | Orc:2    | Noticed a two-headed ogre
  9963 | Orc:1    | Noticed an orc knight
  9965 | Orc:1    | Noticed Nergalle
  9973 | Orc:1    | Noticed an orc sorcerer
 10077 | Orc:1    | Killed a two-headed ogre
 10077 | Orc:1    | Reached XP level 11. HP: 46/108 MP: 10/10
 10235 | Orc:1    | Killed from afar by an orc priest

Skill      XL: |  1  2  3  4  5  6  7  8  9 10 |
---------------+-------------------------------+-----
Fighting       | 4 5 6 7 8 9 12 13 16 18 | 18.9
Axes           | |  2.4
Armour         | |  3.6
Shields        | |  3.6

Action                   |  1- 3 |  4- 6 |  7- 9 | 10-12 || total
-------------------------+-------+-------+-------+-------++-------
Melee: War axe           |    66 |       |       |       ||    66
       Headbutt          |    19 |    44 |   117 |    62 ||   242
       Dagger            |    49 |   270 |   511 |   289 ||  1119
Invok: Sacrifice Artific |       |       |     1 |       ||     1
       Sacrifice Arcana  |       |       |     1 |       ||     1
       Apocalypse        |       |       |       |     3 ||     3
       Sacrifice Health  |       |       |       |     1 ||     1
       Power Leap        |       |       |       |     1 ||     1
  Use: Scroll            |       |     7 |     7 |     4 ||    18
       Potion            |       |       |     1 |    11 ||    12
 Stab: Invisible         |       |       |     1 |     1 ||     2
       Distracted        |       |       |     1 |       ||     1
       Paralysed         |       |       |       |     5 ||     5
  Eat: Chunk             |       |     8 |    10 |     4 ||    22
       Ration            |       |       |     2 |     1 ||     3
Armor: Scale mail        |    54 |    96 |    99 |       ||   249
       Skin              |       |       |    19 |    26 ||    45
       Plate armour      |       |       |   168 |   237 ||   405
Dodge: Dodged            |    39 |    58 |   111 |    73 ||   281
Block: Shield            |    70 |   129 |   229 |   181 ||   609
